AoeStats
← [RAT] G0rm

Lombardia

509945947Analyzed
3v3 RM · 4d ago on Sep 28, 2026· 42m 39s· 6 players
Game mode
Random Map
Map size
Normal (6 player)
Population
200
Speed
Normal
Resources
Standard
Victory
Conquest
Starting age
Dark Age
Ending age
Imperial Age
RankedLock teamsTeams togetherTeam positionsShared explorationLock speedFull tech treeHidden civsTurbo modeCheats
Victory
Defeat
🇫🇷 Slavs · France
1938
+3
🇫🇷 Danes · France
1828
+5
🇫🇷 Magyars · France
1824
+5
🇺🇸 Saxons · United States
1595
-5
🇷🇴 Japanese · Romania
1546
-4
🇳🇱 Danes · Netherlands
1509
-4
Shulk
10:27 Loom
12:12 Feudal Age
13:21 Double-Bit Axe
16:15 Castle Age
14:18 Scale Mail Armor
15:31 Horse Collar
18:10 Bow Saw
18:36 Wheelbarrow
24:52 Heavy Plow
24:52 Arson
25:10 Squires
27:50 Chain Mail Armor
29:20 Forging
30:55 Gold Mining
31:55 Hand Cart
36:34 Imperial Age
36:37 Elite Jomsviking
38:20 Plate Mail Armor
39:00 Iron Casting
41:52 Blast Furnace
41:42 Capped Ram
Tointoin
5:53 Loom
8:52 Feudal Age
9:26 Double-Bit Axe
10:26 Horse Collar
21:06 Wheelbarrow
25:55 Castle Age
27:02 Bow Saw
26:53 Heavy Plow
33:24 Hand Cart
34:12 Gold Mining
34:09 Town Watch
38:14 Imperial Age
35:48 Fletching
36:32 Bodkin Arrow
36:52 Padded Archer Armor
36:59 Husbandry
37:09 Bloodlines
37:38 Town Patrol
37:51 Thumb Ring
38:19 Leather Archer Armor
38:47 Heavy Cavalry Archer
39:47 Bracer
40:48 Ring Archer Armor
40:46 Parthian Tactics
40:45 Conscription
41:22 Ballistics
42:03 Chemistry
41:10 Recurve Bow
41:47 Coinage
43:02 Hoardings
43:12 Banking
Dfx2, l'Immondice
10:09 Feudal Age
14:13 Castle Age
12:11 Double-Bit Axe
12:21 Horse Collar
15:29 Bow Saw
21:24 Heavy Plow
23:50 Wheelbarrow
24:22 Gold Mining
24:28 Fletching
27:03 Hand Cart
29:39 Imperial Age
28:07 Detinets
29:02 Scale Barding Armor
30:16 Chain Barding Armor
30:49 Forging
31:48 Plate Barding Armor
30:42 Elite Boyar
31:45 Conscription
32:33 Iron Casting
33:42 Husbandry
33:52 Bloodlines
35:34 Blast Furnace
36:02 Chemistry
35:22 Ballistics
35:13 Masonry
34:54 Fletching
36:03 Coinage
36:44 Bodkin Arrow
37:01 Devotion
38:06 Hoardings
39:12 Banking
42:13 Siege Engineers
[RAT] G0rm
9:35 Feudal Age
13:14 Fletching
14:45 Loom
19:35 Horse Collar
20:32 Wheelbarrow
20:39 Wheelbarrow
24:18 Castle Age
23:01 Double-Bit Axe
23:11 Gold Mining
23:13 Stone Mining
28:42 Bow Saw
29:42 Hand Cart
31:37 Town Watch
33:07 Town Patrol
36:00 Imperial Age
33:31 Pikeman
34:12 Scale Mail Armor
34:39 Fortified Wall
34:22 Guard Tower
34:54 Ballistics
34:33 Bodkin Arrow
36:20 Chain Mail Armor
36:15 Halberdier
37:08 Yasama
39:12 Chemistry
37:58 Arrowslits
39:35 Plate Mail Armor
39:55 Forging
42:36 Iron Casting
[RAT] Havik_AoE
6:42 Loom
9:11 Feudal Age
10:49 Town Watch
11:29 Man-at-Arms
14:02 Arson
18:23 Scale Mail Armor
21:04 Castle Age
19:37 Forging
19:40 Horse Collar
19:51 Gold Mining
20:37 Wheelbarrow
20:36 Double-Bit Axe
23:18 Bow Saw
29:01 Fletching
31:32 Hand Cart
35:25 Imperial Age
33:47 Town Patrol
34:03 Squires
33:23 Pikeman
34:35 Heavy Plow
35:52 Onager
35:53 Halberdier
36:50 Chain Mail Armor
36:45 Forging
37:16 Siege Onager
39:05 Conscription
40:56 Chain Mail Armor
41:10 Bodkin Arrow
[RAT] Spencer
6:30 Loom
8:52 Feudal Age
10:09 Double-Bit Axe
19:08 Castle Age
18:52 Scale Barding Armor
19:44 Forging
19:45 Bloodlines
19:27 Horse Collar
19:38 Gold Mining
21:35 Bow Saw
21:26 Heavy Plow
23:55 Wheelbarrow
23:06 Town Watch
25:29 Fletching
27:18 Bodkin Arrow
28:56 Thumb Ring
30:04 Crossbowman
31:53 Ballistics
33:27 Hand Cart
33:51 Guard Tower
34:12 Masonry
34:32 Murder Holes
35:04 Stone Mining
35:51 Gold Shaft Mining
38:34 Imperial Age
39:53 Bracer
40:55 Chemistry
39:52 Arbalester
41:04 Conscription
41:11 Padded Archer Armor
43:09 Leather Archer Armor
43:58 Chemistry
43:34 Keep
42:45 Arrowslits
Connection lost

Rejoining the realm…

Still unreachable

The connection could not be restored.

Session expired

The server has moved on; the page needs a fresh start.